Map: Golden Wall LE

Players

LiquidClem (Clem) - Winner!

  • Race: Terran Terran
  • League: Grandmaster
  • Spawn Location: 5:00

PtitDrogo

  • Race: Protoss Protoss
  • Spawn Location: 7:00

Event: DreamHack SC2 Masters 2020 Fall

VOD

Have the link to the VOD?

Description

Time

  • Played on: Sept. 11, 2020, 4:04 p.m.
  • Length: 7:36

All games in this series

Show
View Real Time Build Order
Export as new Build Order

LiquidClem Terran - Winner!

Build Orders: Banshee Rush 

Get SALT Encoding   

  12  0:00  SCV  
  13  0:12  SCV  
  14  0:17  Supply Depot  
  14  0:25  SCV  
  15  0:38  SCV  
  15  0:39  Barracks  
  16  0:44  Refinery  
  16  0:50  SCV  
  16  0:53  Refinery  
  17  1:03  SCV  
  18  1:06  Supply Depot  
  18  1:15  SCV  
  19  1:26  Reaper  
  19  1:29  Orbital Command  
  20  1:45  Factory  
  20  1:54  SCV  
  20  1:58  Reaper  
  22  2:07  SCV  
  23  2:19  SCV  
  23  2:21  Command Center  
  24  2:29  Hellion  
  26  2:31  SCV  
  26  2:32  Reaper  
  28  2:38  Supply Depot  
  28  2:43  SCV  
  29  2:50  Hellion  
  31  2:55  Starport  
  31  3:00  SCV  
  31  3:05  Barracks Reactor  
  32  3:12  Factory Tech Lab, SCV  
  33  3:24  SCV  
  35  3:37  Factory Tech Lab  
  35  3:39  Banshee  
  36  3:41  Cloaking Field  
  36  3:42  Marine x2  
  36  3:43  Orbital Command  
  36  3:44  SCV  
  38  3:56  SCV  
  38  3:57  Siege Tank  
  41  4:02  Supply Depot  
  41  4:07  Marine x2  
  41  4:08  SCV  
  44  4:11  SCV  
  44  4:20  SCV  
  44  4:22  Banshee  
  44  4:23  SCV  
  48  4:27  Supply Depot  
  48  4:29  Marine x2  
  50  4:32  SCV  
  50  4:35  SCV  
  50  4:38  Barracks  
  52  4:44  SCV  
  52  4:45  Barracks  
  53  4:47  Siege Tank  
  53  4:50  SCV  
  57  4:53  Marine x2  
  57  4:56  Supply Depot  
  57  4:57  SCV  
  60  5:02  SCV  
  61  5:09  SCV  
  61  5:11  Marine x2  
  61  5:13  Engineering Bay, Starport Reactor, Refinery  
  64  5:14  SCV  
  64  5:18  Supply Depot  
  65  5:21  SCV  
  65  5:27  Factory Tech Lab, SCV  
  67  5:30  Marine x2  
  67  5:33  Stimpack, SCV, Supply Depot  
  67  5:34  Marauder  
  72  5:38  Terran Infantry Weapons Level 1  
  72  5:41  SCV  
  73  5:43  Combat Shield, Refinery  
  73  5:45  SCV  
  73  5:47  Marauder  
  76  5:52  Marine x2  
  76  5:54  Supply Depot  
  76  5:56  Marauder  
  80  5:59  SCV x2  
  82  6:06  Medivac, Supply Depot  
  82  6:11  Marine x2  
  86  6:12  Marauder  
  86  6:16  Medivac  
  90  6:21  Marauder  
  90  6:31  Marine x2  
  90  6:32  Siege Tank  
  95  6:33  Marauder  
  95  6:38  Command Center  
  97  6:43  Supply Depot  
  97  6:44  Marauder  
  99  6:49  Medivac  
  99  6:52  Marine x2  
  103  6:55  Supply Depot  
  103  6:56  Marauder  
  103  7:00  Medivac  
  107  7:05  Marauder  
  109  7:13  Marine x2  
  109  7:15  Supply Depot  
Show
View Real Time Build Order
Export as new Build Order

PtitDrogo Protoss 

Build Orders: 1 Gate Expand, Colossus Rush 

Get SALT Encoding   

  12  0:00  Probe  
  13  0:12  Probe  
  14  0:18  Pylon  
  14  0:24  Probe  
  15  0:36  Gateway  
  15  0:37  Probe (Chrono Boost)  
  16  0:46  Assimilator, Probe (Chrono Boost)  
  17  0:51  Probe (Chrono Boost)  
  18  1:03  Probe  
  19  1:15  Probe  
  20  1:23  Cybernetics Core  
  20  1:32  Nexus  
  20  1:40  Pylon  
  20  1:42  Probe  
  21  1:47  Assimilator  
  21  1:55  Probe  
  21  1:56  Adept (Chrono Boost)  
  24  2:01  Warp Gate  
  24  2:08  Probe  
  25  2:16  Stalker (Chrono Boost)  
  25  2:20  Probe  
  28  2:32  Probe  
  29  2:37  Robotics Facility  
  29  2:45  Probe (Chrono Boost)  
  29  2:49  Probe (Chrono Boost)  
  31  2:54  Probe (Chrono Boost)  
  31  2:55  Sentry  
  31  2:58  Probe (Chrono Boost)  
  35  2:59  Probe (Chrono Boost)  
  34  3:08  Probe  
  34  3:11  Probe  
  34  3:12  Gateway  
  36  3:14  Gateway  
  36  3:17  Pylon  
  36  3:20  Probe  
  36  3:23  Shield Battery, Probe  
  36  3:26  Observer (Chrono Boost)  
  39  3:32  Probe  
  40  3:35  Probe  
  41  3:44  Gateway, Probe  
  42  3:50  Stalker  
  42  4:04  Probe (Chrono Boost)  
  42  4:06  Stalker  
  42  4:07  Probe (Chrono Boost)  
  42  4:08  Stalker  
  44  4:19  Probe (Chrono Boost)  
  44  4:20  Probe (Chrono Boost)  
  45  4:27  Observer  
  45  4:28  Probe (Chrono Boost)  
  48  4:32  Robotics Bay, Nexus  
  48  4:34  Probe (Chrono Boost)  
  48  4:35  Probe (Chrono Boost)  
  49  4:41  Probe  
  49  4:44  Probe  
  51  4:49  Pylon  
  51  4:53  Probe  
  51  4:56  Assimilator, Probe  
  51  4:57  Assimilator  
  51  4:59  Observer  
  54  5:05  Probe  
  53  5:10  Probe  
  54  5:17  Probe, Colossus (Chrono Boost)  
  61  5:23  Probe  
  61  5:27  Twilight Council  
  62  5:29  Pylon  
  62  5:43  Probe (Chrono Boost)  
  62  5:44  Extended Thermal Lance  
  62  5:45  Probe (Chrono Boost)  
  62  5:48  Probe (Chrono Boost)  
  65  5:54  Probe (Chrono Boost)  
  65  5:55  Probe (Chrono Boost)  
  65  5:56  Stalker x2  
  72  5:58  Probe (Chrono Boost)  
  72  5:59  Probe (Chrono Boost)  
  72  6:00  Probe (Chrono Boost)  
  72  6:04  Colossus (Chrono Boost)  
  73  6:07  Probe  
  73  6:09  Probe  
  81  6:11  Probe  
  81  6:15  Gateway  
  82  6:19  Probe  
  82  6:22  Gateway, Probe  
  82  6:24  Probe  
  85  6:36  Pylon  
  85  6:39  Pylon  
  85  6:40  Pylon  
  85  6:46  Gateway  
  85  6:49  Templar Archives  
  85  6:54  Probe x3  
  85  6:55  Zealot x2  
  85  6:59  Shield Battery  
  92  7:03  Shield Battery  
  92  7:06  Pylon  
  96  7:12  Stalker x2  
  97  7:20  Stalker x3  

Tags
 
Add a new tag
Caveats
  • Supply blocks, unpowered buildings, or Contaminate may cause inaccurate times.
  • Supply counts are checked every 10 seconds.